 Dungeon Crawl Stone Soup version 0.31-a0-200-gbc41564c69 (webtiles) character file.

Game seed: 4201875059245486950

214 qw the Skirmisher (level 5, -16/30 HPs)
             Began as a Deep Elf Hunter on June 25, 2023.
             Demolished by a gnoll
             ... wielding a +0 flail
             ... led by a gnoll bouda
              (21 damage)
             ... on level 4 of the Dungeon.
             The game lasted 00:01:10 (2548 turns).

qw the Skirmisher (Deep Elf Hunter)                 Turns: 2548, Time: 00:01:10

Health: -16/30     AC:  2    Str: 10    XL:     5   Next: 59%
Magic:  6/6        EV:  2    Int: 17    God:
Gold:   119        SH:  0    Dex: 18    Spells: 4/4 levels left

rFire   . . .        Y - +1 shortbow
rCold   . . .        (shield currently unavailable)
rNeg    . . .        b - +0 ring mail of Foolhardiness {Regen+ rCorr Int+3}
rPois   .            (helmet restricted)
rElec   .            (no cloak)
rCorr   +            (no gloves)
SInv    +            (no boots)
Will    .....        a - amulet of faith
Stlth   +            h - ring of see invisible
HPRegen 1.05/turn    (no ring)
MPRegen 0.10/turn

%: faith
@: sleeping
A: horns 1, deformed body, low MP 1, mutation resistance 1
a: no special abilities


You were on level 4 of the Dungeon.
You visited 1 branch of the dungeon, and saw 4 of its levels.

You collected 119 gold pieces.


Innate Abilities, Weirdness & Mutations

You have a pair of small horns on your head.
Armour fits poorly on your strangely shaped body.
Your magical capacity is low. (-10% MP)
You are somewhat resistant to further mutation.


   Skills:
 + Level 1.6 Fighting
 - Level 9.1 Ranged Weapons
 - Level 2.4 Dodging
 - Level 1.2 Stealth


You had 4 spell levels left.
You didn't know any spells.
Your spell library was empty.

Inventory:

Hand Weapons
 Y - a +1 shortbow (weapon)
Armour
 b - the +0 ring mail of Foolhardiness (worn) {Regen+ rCorr Int+3}
   (You found it on level 2 of the Dungeon)

   Int:       It affects your intelligence (+3).
   Regen:     It increases your rate of health regeneration.
   rCorr:     It protects you from acid and corrosion.
Jewellery
 a - an amulet of faith (around neck)
 h - a ring of see invisible (left hand)
Scrolls
 i - a scroll of immolation {unknown}
 j - a scroll of summoning {unknown}
 l - a scroll of identify
Potions
 c - a potion of mutation
 d - a potion of enlightenment
 e - a potion of cancellation {unknown}
 f - a potion of attraction {unknown}
 g - a potion of haste {unknown}

Dungeon Overview and Level Annotations

Branches:
Dungeon (4/15)             Temple (0/1) D:4

Altars:
Makhleb

Shops:
D:3 [


Message History

Things that are here:
a +0 hand axe; 3 boomerangs; an orc corpse
Enter note:
Enter note:
Enter note:
Enter note: You shoot an arrow.
The gnoll shouts! x2
The arrow hits the sleepcap.
The sleepcap is moderately damaged.
A gnoll bouda comes into view. It is wielding a +0 club.
You shoot an arrow. The arrow hits the sleepcap.
The sleepcap is heavily damaged.
You shoot an arrow.
The arrow completely misses the sleepcap.
You shoot an arrow. The arrow hits the sleepcap.
The sleepcap is heavily damaged.
You shoot an arrow. The arrow hits the gnoll.
The gnoll is moderately wounded.
The gnoll bouda barks out a call to the hunt!
The gnolls pick up the pace!
You shoot an arrow.
The arrow hits the gnoll but does no damage.
The gnoll is moderately wounded.
The gnoll closely misses you.
You shoot an arrow. The arrow barely misses the gnoll. x2
The arrow closely misses the gnoll bouda.
The gnoll hits you with a +0 flail. The gnoll hits you with a +0 flail!
You shoot an arrow.
The arrow hits the sleepcap but does no damage.
The sleepcap is heavily damaged.
The sleepcap releases spores at you. The gnoll barely misses you.
The gnoll hits you with a +0 club! The gnoll closely misses you.
You shoot an arrow. The arrow hits the sleepcap.
The sleepcap is severely damaged.
The sleepcap releases spores at you.
You are engulfed in a cloud of soporific spores!
You fall asleep.
The gnoll hits you with a +0 flail!!
Ouch! That really hurt!
You die...

#...###...... ..$.
#..####...... ....
#>##.........
.....
###.##.########
..... #...##.#
#.#.. #.##...#
#....####....###
###.gg#....###
#...gg@.....####
#....fg#.##....###
#
#.....(#.#####...#
#### #......#.#
#)..###.'.
#......#.#
#...#...##
#######..#
#.....#### .##
#...### # #...#
#...#


You could see a sleepcap, a gnoll bouda and 4 gnolls.

Vanquished Creatures
  A scorpion (D:4)
  A hound (D:4)
  An adder (D:2)
  5 worms
  3 dart slugs
  9 orcs
  9 bats
  4 endoplasms
  A giant cockroach (D:3)
  8 goblins
  6 hobgoblins
  9 jackals
  4 kobolds (D:1)
  3 quokkas
  8 ball pythons
  6 rats
78 creatures vanquished.

Notes
Turn   | Place    | Note
-------+----------+-------------------------------------------
     0 | D:1      | qw the Deep Elf Hunter began the quest for the Orb.
     0 | D:1      | Reached XP level 1. HP: 12/12 MP: 3/3
     0 | D:1      | 0 ||| qw: Version: 0.3-a-22-g0ed2b0b
     0 | D:1      | 0 ||| qw: Game counter: 5608
     0 | D:1      | 0 ||| qw: Melee chars always use a shield: true
     0 | D:1      | 0 ||| qw: God list: Okawaru
     0 | D:1      | 0 ||| qw: Allow faded altars: false
     0 | D:1      | 0 ||| qw: Do Orc after clearing Dungeon:15 true
     0 | D:1      | 0 ||| qw: Do second Lair branch before Depths: true
     0 | D:1      | 0 ||| qw: Lair rune preference: random
     0 | D:1      | 0 ||| qw: Goals: Normal
     0 | D:1      | 0 ||| PLANNING D:1-11
   158 | D:1      | Reached XP level 2. HP: 16/16 MP: 4/4
   159 | D:1      | Reached skill level 6 in Ranged Weapons
   691 | D:1      | 691 ||| DROPPING scarf of invisibility.
   692 | D:1      | 692 ||| DROPPING amulet of magic regeneration.
   693 | D:1      | 693 ||| READING scroll labelled YNTOLIEFEKH.
   694 | D:1      | 694 ||| READING 2 scrolls labelled OGUSMU QESABATUE.
   695 | D:1      | 695 ||| READING scroll labelled IHICHEGG CYIJ.
   696 | D:1      | 696 ||| DROPPING scroll of butterflies.
   697 | D:1      | 697 ||| DROPPING scroll of amnesia.
   729 | D:2      | Found a burning altar of Makhleb.
   743 | D:2      | Reached XP level 3. HP: 20/20 MP: 5/5
   751 | D:2      | Identified the +0 ring mail of Foolhardiness {Regen+ rCorr
                  | Int+3}
   772 | D:2      | 772 ||| UPGRADING to +0 ring mail of Foolhardiness {Regen+
                  | rCorr Int+3}.
   785 | D:2      | 785 ||| DROPPING +0 leather armour.
   837 | D:2      | Reached skill level 7 in Ranged Weapons
   922 | D:2      | Identified the +6 short sword "Kyso Juss" {flame, rF+
                  | Dex+2}
  1177 | D:2      | 1177 ||| UPGRADING to amulet of faith.
  1403 | D:3      | Reached XP level 4. HP: 25/25 MP: 6/6
  1417 | D:3      | Found Jankoeps's Antique Armour Boutique.
  1425 | D:3      | 1425 ||| SHOPLISTING fine cloak (304 gold, have 73).
  1425 | D:3      | 1425 ||| SHOPLISTING pair of gloves (144 gold, have 73).
  1425 | D:3      | 1425 ||| SHOPLISTING runed ring mail (224 gold, have 73).
  1425 | D:3      | 1425 ||| SHOPLISTING shimmering scale mail (288 gold, have
                  | 73).
  1425 | D:3      | 1425 ||| SHOPLISTING shiny ring mail (224 gold, have 73).
  1449 | D:3      | 1449 ||| FLEEEEING.
  1450 | D:3      | 1450 ||| FLEEEEING.
  1492 | D:3      | 1492 ||| FLEEEEING.
  1493 | D:3      | 1493 ||| FLEEEEING.
  1968 | D:3      | 1968 ||| UPGRADING to ring of see invisible.
  1969 | D:3      | 1969 ||| READING scroll labelled ROIZOTIVOH.
  1970 | D:3      | 1970 ||| DRINKING 2 fuming inky potions.
  1970 | D:3      | Gained mutation: Armour fits poorly on your strangely
                  | shaped body. [potion of mutation]
  1970 | D:3      | Gained mutation: You have a pair of small horns on your
                  | head. [potion of mutation]
  1970 | D:3      | Gained mutation: Your magical capacity is low. (-10% MP)
                  | [potion of mutation]
  1970 | D:3      | Gained mutation: You are somewhat resistant to further
                  | mutation. [potion of mutation]
  1971 | D:3      | 1971 ||| DRINKING 2 pink potions.
  1972 | D:3      | 1972 ||| DRINKING 2 yellow potions.
  1977 | D:3      | 1977 ||| STAIRDANCE
  2079 | D:2      | 2079 ||| DRINKING 2 murky pink potions.
  2104 | D:2      | 2104 ||| DRINKING 2 fizzy ruby potions.
  2105 | D:2      | 2105 ||| DROPPING potion of berserk rage.
  2106 | D:2      | 2106 ||| DROPPING potion of lignification.
  2107 | D:2      | 2107 ||| DROPPING potion of brilliance.
  2137 | D:4      | 2137 ||| PLANNING SEWER
  2178 | D:4      | Reached skill level 8 in Ranged Weapons
  2258 | D:4      | Found a staircase to the Ecumenical Temple.
  2338 | D:4      | Noticed a scorpion
  2349 | D:4      | Killed a scorpion
  2350 | D:4      | Reached XP level 5. HP: 11/29 MP: 6/6
  2454 | D:4      | Reached skill level 9 in Ranged Weapons
  2504 | D:4      | 2504 ||| Stepping ~*~*~tactically~*~*~ (outnumbered).
  2506 | D:4      | 2506 ||| Stepping ~*~*~tactically~*~*~ (outnumbered).
  2508 | D:4      | 2508 ||| Stepping ~*~*~tactically~*~*~ (outnumbered).
  2514 | D:4      | HP: 4/29 [orc/+0 hand axe (6)]
  2548 | D:4      | HP: 5/30 [sleepcap (6)]
  2548 | D:4      | Demolished by a gnoll

Levels and vault maps discovered:
D:1:      dreamdust_arrival_beginning_and_end, layout_basic, minmay_hedge_maze,
          patterned_corridor
D:2:      layout_basic, basic_altar, serial_glass, glass_columns_c,
          glass_columns_a
D:3:      layout_basic, serial_shops, shop, nicolae_wormholes
D:4:      layout_rooms, minmay_temple_entry_fiery, portal_sewer_entry_e,
          dk_noncrumbling_2

Skill      XL: |  1  2  3  4  5 |
---------------+----------------+-----
Ranged Weapons | 6 7 8 9 |  9.1
Fighting       | |  1.6
Dodging        | |  2.4
Stealth        | |  1.2

Action                     |  1- 3 |  4- 6 || total
---------------------------+-------+-------++-------
   Fire: Shortbow          |   120 |   118 ||   238
    Use: Scroll            |     3 |     1 ||     4
         Potion            |       |     5 ||     5
 Armour: Leather armour    |     8 |       ||     8
         Ring mail         |     5 |     7 ||    12
  Dodge: Dodged            |    31 |    33 ||    64

Table legend:
 A = Non-vault XP
 B = Vault XP
 C = Vault XP percentage of total XP
 D = Non-vault monster count
 E = Vault monster count
 F = Vault count percentage of total count
                 A         B        C        D         E       F
            +---------+---------+-------+---------+---------+-------
      Total |     287 |      19 |   6.2 |      74 |       4 |   5.1
            +---------+---------+-------+---------+---------+-------
        D:1 |      39 |       0 |   0.0 |      21 |       0 |   0.0
        D:2 |      47 |       0 |   0.0 |      20 |       0 |   0.0
        D:3 |      32 |      19 |  37.3 |      16 |       4 |  20.0
        D:4 |     169 |       0 |   0.0 |      17 |       0 |   0.0
            +---------+---------+-------+---------+---------+-------
